 Dungeon Crawl Stone Soup version 0.22.0 (webtiles) character file.

20 Blackhawk the Skirmisher (level 3, -4/29 HPs)
             Began as a Formicid Abyssal Knight on Oct 26, 2018.
             Was a Follower of Lugonu.
             Shot with an arrow by a centaur (8 damage)
             ... on level 2 of the Dungeon.
             The game lasted 00:01:27 (940 turns).

Blackhawk the Skirmisher (Formicid Abyssal Knight)   Turns: 940, Time: 00:01:28

Health: -4/29      AC:  5    Str: 17    XL:     3   Next: 0%
Magic:  4/4        EV: 11    Int: 11    God:    Lugonu [*.....]
Gold:   89         SH:  0    Dex: 10    Spells: 2/2 levels left

rFire    . . .     SeeInvis +   a - +1 mace
rCold    . . .     Gourm    .   (no shield)
rNeg     . . .     Faith    .   b - +0 leather armour
rPois    .         Spirit   .   (helmet unavailable)
rElec    .         Reflect  .   (no cloak)
rCorr    .         Harm     .   (no gloves)
MR       .....                  g - +1 pair of boots
Stlth    +.........             (no amulet)
HPRegen  0.09/turn              (no ring)
MPRegen  0.09/turn              (no ring)

@: no status effects
A: permanent stasis, dig shafts and tunnels, four strong arms, antennae 3
a: Dig, Shaft Self, Depart the Abyss, Renounce Religion


You were on level 2 of the Dungeon.
You worshipped Lugonu.
Lugonu was aware of your devotion.
You were not hungry.

You visited 1 branch of the dungeon, and saw 2 of its levels.
You visited the Abyss 1 time.

You collected 89 gold pieces.

Inventory:

Hand Weapons
 a - a +1 mace (weapon)
 l - a +0 hunting sling
Missiles
 f - 59 stones (quivered)
Armour
 b - a +0 leather armour (worn)
 g - a +1 pair of boots (worn)
Scrolls
 d - a scroll of remove curse {unknown}
 e - 2 scrolls of blinking {unknown}
 h - a scroll of fear {unknown}
 i - a scroll of teleportation {unknown}
 k - 2 scrolls of identify {unknown}
 n - a scroll of magic mapping {unknown}
Potions
 m - a potion of agility {unknown}
Comestibles
 c - 2 rations
 j - 4 chunks of flesh


   Skills:
 + Level 3.5 Fighting
 + Level 2.2 Maces & Flails
 + Level 2.5 Armour
 + Level 1.2 Dodging
 + Level 2.5 Invocations


You had 2 spell levels left.
You didn't know any spells.
Your spell library was empty.

Dungeon Overview and Level Annotations

Branches:
Dungeon (2/15)

Altars:


Innate Abilities, Weirdness & Mutations

You cannot be hasted, slowed, berserked, paralysed or teleported.
You can dig through walls and to a lower floor.
Your four strong arms can wield two-handed weapons with a shield.
You have a pair of large antennae on your head. (SInv)


Message History

You barely miss the hobgoblin.
The centaur wields a shortbow.
The centaur shoots an arrow.
The arrow hits you! The hobgoblin barely misses you.
The centaur shoots an arrow.
The arrow hits you!
* * * LOW HITPOINT WARNING * * *
You are too injured to fight recklessly!
You are too injured to fight recklessly!
You are too injured to fight recklessly!
You are too injured to fight recklessly!
You are too injured to fight recklessly!
You are too injured to fight recklessly!
You are too injured to fight recklessly!
You are too injured to fight recklessly!
You are too injured to fight recklessly!
You are too injured to fight recklessly!
You are too injured to fight recklessly!
You are too injured to fight recklessly!
You are too injured to fight recklessly!
The centaur shoots an arrow.
The arrow hits you!
You die...

...# ###.. ###
##########... ...
#........#.# ....
#.%........# .....
..........####.#...
###.........$......
#............%...
##..<...@g.......
##.....#.........
#.........c......
#.......#.......>
#.......#.###.##.
##.<...#.... .g.
##...##.... ...
##### ..... .. ....


You could see a centaur, a hobgoblin and a goblin.

Vanquished Creatures
  An ooze (D:1)
  3 bats
  3 giant cockroaches (D:1)
  3 hobgoblins (D:1)
  4 rats (D:1)
14 creatures vanquished.

Notes
Turn   | Place    | Note
-------+----------+-------------------------------------------
     0 | Abyss:1  | Blackhawk the Formicid Abyssal Knight began the quest for the Orb.
     0 | Abyss:1  | Reached XP level 1. HP: 18/18 MP: 2/2
     0 | Abyss:1  | Found a corrupted altar of Lugonu.
    90 | Abyss:1  | Found a corrupted altar of Lugonu.
   128 | Abyss:1  | Noticed a raiju
   129 | D:1      | Escaped the Abyss
   265 | D:1      | Reached skill level 1 in Dodging
   296 | D:1      | Reached XP level 2. HP: 24/24 MP: 3/3
   417 | D:1      | Reached * piety under Lugonu
   918 | D:2      | Reached XP level 3. HP: 29/29 MP: 4/4
   936 | D:2      | Noticed a centaur
   940 | D:2      | Shot with an arrow by a centaur

Skill      XL: |  1 |
---------------+----+-----
Dodging        | 1 |  1.2
Fighting       | |  3.5
Maces & Flails | |  2.2
Armour         | |  2.5
Invocations    | |  2.5

Action                   || total
-------------------------++-------
Melee: Mace              ||    36
Invok: Depart the Abyss  ||     1
Armor: Leather armour    ||    16
Dodge: Dodged            ||    28
